| TOP OF THE 1ST |
|
Texas Rangers batting - Pitching for Chicago White Sox : RHP Pete Vuckovich
|
|
Pitching: RHP Pete Vuckovich
|
|
|
Batting: LHB Lenny Dykstra
|
0-0: Called Strike 0-1: Ball 1-1: Foul Ball, location: 2F 1-2: Foul Ball, location: 2F 1-2: DOUBLE (Line Drive, 78XD, EV 105.0 MPH)
|
|
Batting: RHB Kirby Puckett
|
0-0: Ball 1-0: Foul Ball, location: 2F 1-1: Ground out 4-3 (Groundball, 4, EV 85.6 MPH) Lenny Dykstra to third
|
|
Batting: LHB Dallas Williams
|
0-0: Foul Ball, location: 2F 0-1: Ground out 4-3 (Groundball, 4, EV 85.0 MPH) Lenny Dykstra scores
|
|
Batting: RHB Steve Garvey
|
0-0: Ball 1-0: Called Strike 1-1: Called Strike 1-2: Ball 2-2: Foul Ball, location: 2F 2-2: Strikes out swinging
|
| Top of the 1st over - 1 run, 1 hit, 0 errors, 0 left on base; Texas 1 - Chicago 0 |
| BOTTOM OF THE 1ST |
|
Chicago White Sox batting - Pitching for Texas Rangers : RHP Catfish Hunter
|
|
Pitching: RHP Catfish Hunter
|
|
|
Batting: SHB Ozzie Smith
|
0-0: Called Strike 0-1: Foul Ball, location: 2F 0-2: Ball 1-2: Ground out 4-3 (Groundball, 4M, EV 98.8 MPH)
|
|
Batting: LHB Mitchell Page
|
0-0: Swinging Strike 0-1: Swinging Strike 0-2: Fly out, F7 (Flyball, 7LM, EV 101.3 MPH)
|
|
Batting: RHB Kevin McReynolds
|
0-0: Foul Ball, location: 2F 0-1: Called Strike 0-2: Foul Ball, location: 2F 0-2: SINGLE (Groundball, 34S, EV 64.4 MPH) (infield hit)
|
|
Batting: RHB Tim Teufel
|
0-0: Ball 1-0: Foul Ball, location: 2F 1-1: Called Strike 1-2: Ball 2-2: Fly out, F8 (Flyball, 8LXD, EV 84.4 MPH)
|
| Bottom of the 1st over - 0 runs, 1 hit, 0 errors, 1 left on base; Texas 1 - Chicago 0 |
| TOP OF THE 2ND |
|
Texas Rangers batting - Pitching for Chicago White Sox : RHP Pete Vuckovich
|
|
Batting: LHB Jody Helser
|
0-0: Called Strike 0-1: Ball 1-1: Ground out 6-3 (Groundball, 6, EV 86.9 MPH)
|
|
Batting: RHB Rich Dauer
|
0-0: Ball 1-0: Ball 2-0: Foul Ball, location: 2F 2-1: Swinging Strike 2-2: Fly out, F3 (Popup, 3F, EV 80.0 MPH)
|
|
Batting: RHB George Bjorkman
|
0-0: Foul Ball, location: 2F 0-1: Ball 1-1: Fly out, F7 (Flyball, 7LM, EV 91.3 MPH)
|
| Top of the 2nd over - 0 runs, 0 hits, 0 errors, 0 left on base; Texas 1 - Chicago 0 |
| BOTTOM OF THE 2ND |
|
Chicago White Sox batting - Pitching for Texas Rangers : RHP Catfish Hunter
|
|
Batting: SHB Dwayne Taggart
|
0-0: Ball 1-0: Swinging Strike 1-1: Foul Ball, location: 2F 1-2: SOLO HOME RUN (Flyball, 89XD, EV 96.3 MPH), Distance : 425 ft
|
|
Batting: RHB Mike Heath
|
0-0: Called Strike 0-1: Ball 1-1: Ground out 3-1 (Groundball, 34, EV 86.9 MPH)
|
|
Batting: RHB Steve Henderson
|
0-0: Foul Ball, location: 2F 0-1: Swinging Strike 0-2: Ball 1-2: Ball 2-2: Strikes out looking
|
|
Batting: RHB Jose Castro
|
0-0: Ball 1-0: Hit by Pitch
|
|
Batting: RHB Brian Harper
|
Pickoff Throw to First - Out! 1-3
|
| Bottom of the 2nd over - 1 run, 1 hit, 0 errors, 0 left on base; Texas 1 - Chicago 1 |
| TOP OF THE 3RD |
|
Texas Rangers batting - Pitching for Chicago White Sox : RHP Pete Vuckovich
|
|
Batting: RHB Kim Andrew
|
0-0: Called Strike 0-1: Swinging Strike 0-2: Foul Ball, location: 2F 0-2: Ball 1-2: Ball 2-2: SINGLE (Groundball, P, EV 85.6 MPH) (infield hit)
|
|
Batting: RHB Juan Samuel
|
0-0: Ball 1-0: Swinging Strike 1-1: Fly out, F4 (Flyball, 4D, EV 90.0 MPH)
|
|
Batting: LHB Lenny Dykstra
|
0-0: Ball 1-0: SINGLE (Line Drive, 34D, EV 104.4 MPH) Kim Andrew to second Runner from 2nd tries for 3rd, SAFE, throw by RF made to third
|
|
Batting: RHB Kirby Puckett
|
0-0: Called Strike 0-1: Ball 1-1: Foul Ball, location: 2F 1-2: Strikes out swinging
|
|
Batting: LHB Dallas Williams
|
0-0: Ball 1-0: Swinging Strike 1-1: Ball 2-1: SINGLE (Line Drive, 8LS, EV 91.9 MPH) Kim Andrew scores Lenny Dykstra to second Runner from 2nd tries for 3rd, SAFE, no throw by CF
|
|
Batting: RHB Steve Garvey
|
0-0: Ground out U3 (Groundball, 34S, EV 83.1 MPH)
|
| Top of the 3rd over - 1 run, 3 hits, 0 errors, 2 left on base; Texas 2 - Chicago 1 |
| BOTTOM OF THE 3RD |
|
Chicago White Sox batting - Pitching for Texas Rangers : RHP Catfish Hunter
|
|
Batting: RHB Brian Harper
|
0-0: Ball 1-0: Ground out 5-3 (Groundball, 56S, EV 92.5 MPH)
|
|
Batting: SHB Ozzie Smith
|
0-0: Called Strike 0-1: Swinging Strike 0-2: Ball 1-2: Foul Ball, location: 2F 1-2: Ball 2-2: DOUBLE (Line Drive, 89M, EV 98.8 MPH)
|
|
Batting: LHB Mitchell Page
|
0-0: Ball 1-0: Ball 2-0: Foul Ball, location: 2F 2-1: Ball 3-1: Foul Ball, location: 2F 3-2: SINGLE (Flyball, 8LS, EV 87.5 MPH) Ozzie Smith to third Runner from 3rd tries for Home, SAFE, throw by CF to home Mitchell Page to second
|
|
Batting: RHB Kevin McReynolds
|
0-0: Swinging Strike 0-1: Foul Ball, location: 2F 0-2: Fly out, F9 (Line Drive, 9, EV 89.4 MPH)
|
|
Batting: RHB Tim Teufel
|
0-0: SINGLE (Groundball, 34D, EV 107.5 MPH) Mitchell Page to third
|
|
Batting: SHB Dwayne Taggart
|
0-0: Foul Ball, location: 2F 0-1: Ball 1-1: Ball 2-1: SINGLE (Line Drive, 56D, EV 103.1 MPH) Mitchell Page scores Tim Teufel to second
|
|
Pitching: RHP Tim Rodgers
|
|
|
Batting: RHB Mike Heath
|
0-0: Called Strike 0-1: Reached on error, E1 (Groundball, 13, EV 68.8 MPH) Tim Teufel scores Dwayne Taggart to third
|
|
Batting: RHB Steve Henderson
|
0-0: Swinging Strike 0-1: Ball 1-1: SINGLE (Flyball, 34D, EV 90.0 MPH) Dwayne Taggart scores Mike Heath to third Runner from 3rd tries for Home, SAFE, throw by RF to home
|
|
Batting: RHB Jose Castro
|
0-0: Ball Steve Henderson steals 2nd base 1-0: Foul Ball, location: 2F 1-1: DOUBLE (Line Drive, 78XD, EV 103.1 MPH) Steve Henderson scores
|
|
Batting: RHB Brian Harper
|
0-0: Ball 1-0: Ball 2-0: Foul Ball, location: 2F 2-1: Ball 3-1: Fly out, F7 (Flyball, 7LM, EV 93.8 MPH)
|
| Bottom of the 3rd over - 6 runs, 6 hits, 1 error, 1 left on base; Texas 2 - Chicago 7 |
| TOP OF THE 4TH |
|
Texas Rangers batting - Pitching for Chicago White Sox : RHP Pete Vuckovich
|
|
Batting: LHB Jody Helser
|
0-0: Ball 1-0: Called Strike 1-1: Ball 2-1: Ground out 6-3 (Groundball, 6, EV 95.6 MPH)
|
|
Batting: RHB Rich Dauer
|
0-0: SINGLE (Line Drive, 78S, EV 106.3 MPH)
|
|
Batting: RHB George Bjorkman
|
0-0: Called Strike 0-1: Called Strike 0-2: Strikes out swinging
|
|
Batting: RHB Kim Andrew
|
0-0: Called Strike 0-1: Called Strike 0-2: Fly out, F9 (Line Drive, 9, EV 86.3 MPH)
|
| Top of the 4th over - 0 runs, 1 hit, 0 errors, 1 left on base; Texas 2 - Chicago 7 |
| BOTTOM OF THE 4TH |
|
Chicago White Sox batting - Pitching for Texas Rangers : RHP Tim Rodgers
|
|
Batting: SHB Ozzie Smith
|
0-0: Called Strike 0-1: Ball 1-1: Ball 2-1: SINGLE (Groundball, 4MD, EV 102.5 MPH)
|
|
Batting: LHB Mitchell Page
|
0-0: Foul Ball, location: 2F 0-1: Ball 1-1: Ball 2-1: Fly out, F7 (Flyball, 7LD, EV 90.6 MPH)
|
|
Batting: RHB Kevin McReynolds
|
0-0: Foul Ball, location: 2F 0-1: Grounds into double play, 4-6-3 (Groundball, 34, EV 84.4 MPH)
|
| Bottom of the 4th over - 0 runs, 1 hit, 0 errors, 0 left on base; Texas 2 - Chicago 7 |
| TOP OF THE 5TH |
|
Texas Rangers batting - Pitching for Chicago White Sox : RHP Pete Vuckovich
|
|
Batting: RHB Juan Samuel
|
0-0: Ball 1-0: Ball 2-0: Called Strike 2-1: Ball 3-1: SINGLE (Groundball, 34D, EV 106.9 MPH) (infield hit)
|
|
Batting: LHB Lenny Dykstra
|
0-0: Foul Ball, location: 2F 0-1: Ball 1-1: Swinging Strike 1-2: Fly out, F8 (Flyball, 89D, EV 95.6 MPH) Runner from 1st tags up, SAFE at 2nd
|
|
Batting: RHB Kirby Puckett
|
0-0: Ball 1-0: Called Strike 1-1: Swinging Strike 1-2: Ball 2-2: Ball 3-2: Foul Ball, location: 2F 3-2: Foul Ball, location: 2F 3-2: Fly out, F9 (Flyball, 9LM, EV 93.8 MPH)
|
|
Batting: LHB Dallas Williams
|
0-0: Called Strike 0-1: Ball 1-1: Ball 2-1: Ground out 3-1 (Groundball, 34, EV 104.4 MPH)
|
| Top of the 5th over - 0 runs, 1 hit, 0 errors, 1 left on base; Texas 2 - Chicago 7 |
| BOTTOM OF THE 5TH |
|
Chicago White Sox batting - Pitching for Texas Rangers : RHP Tim Rodgers
|
|
Batting: RHB Tim Teufel
|
0-0: Ball 1-0: Ball 2-0: Ball 3-0: Base on Balls
|
|
Batting: SHB Dwayne Taggart
|
0-0: Ball 1-0: Ball 2-0: Fly out, F6 (Popup, 6M, EV 69.4 MPH)
|
|
Batting: RHB Mike Heath
|
0-0: Ball 1-0: Foul Ball, location: 2F 1-1: Called Strike 1-2: Foul Ball, location: 2F 1-2: Foul Ball, location: 2F 1-2: Ground out 5-3 (Groundball, 56S, EV 68.8 MPH) Tim Teufel to second
|
|
Batting: RHB Steve Henderson
|
0-0: Ball 1-0: Foul Ball, location: 2F 1-1: Ball 2-1: Foul Ball, location: 2F 2-2: Foul Ball, location: 2F 2-2: Ball 3-2: Base on Balls
|
|
Batting: RHB Jose Castro
|
0-0: Ball 1-0: Called Strike 1-1: Called Strike 1-2: Ball 2-2: Foul Ball, location: 2F 2-2: SINGLE (Groundball, 56D, EV 100.6 MPH) Tim Teufel to third Steve Henderson to second Runner from 3rd tries for Home, SAFE, throw by LF to home
|
|
Batting: RHB Brian Harper
|
0-0: Swinging Strike 0-1: Called Strike 0-2: Strikes out swinging
|
| Bottom of the 5th over - 1 run, 1 hit, 0 errors, 2 left on base; Texas 2 - Chicago 8 |
| TOP OF THE 6TH |
|
Texas Rangers batting - Pitching for Chicago White Sox : RHP Pete Vuckovich
|
|
Batting: RHB Steve Garvey
|
0-0: Fly out, F8 (Flyball, 89D, EV 90.6 MPH)
|
|
Batting: LHB Jody Helser
|
0-0: Ball 1-0: Ball 2-0: SINGLE (Groundball, 56D, EV 109.4 MPH)
|
|
Batting: RHB Rich Dauer
|
0-0: Ball 1-0: Fly out, F9 (Line Drive, 9, EV 91.3 MPH)
|
|
Batting: RHB George Bjorkman
|
0-0: Called Strike 0-1: Foul Ball, location: 2F 0-2: Strikes out swinging
|
| Top of the 6th over - 0 runs, 1 hit, 0 errors, 1 left on base; Texas 2 - Chicago 8 |
| BOTTOM OF THE 6TH |
|
Chicago White Sox batting - Pitching for Texas Rangers : RHP Tim Rodgers
|
|
Batting: SHB Ozzie Smith
|
0-0: SINGLE (Groundball, 4MD, EV 108.1 MPH)
|
|
Batting: LHB Mitchell Page
|
0-0: Ball Ozzie Smith steals 2nd base 1-0: Ball 2-0: Ball 3-0: Called Strike 3-1: Base on Balls
|
|
Pitching: RHP George Stablein
|
|
|
Batting: RHB Kevin McReynolds
|
0-0: Called Strike Ozzie Smith steals 3rd base (no throw) Mitchell Page to second 0-1: Swinging Strike 0-2: Fly out, F9 (Line Drive, 9D, EV 101.9 MPH)
|
|
Batting: RHB Tim Teufel
|
0-0: Ball 1-0: Called Strike 1-1: Ball 2-1: Fly out, F6 (Flyball, 6D, EV 85.6 MPH)
|
|
Batting: SHB Dwayne Taggart
|
0-0: Swinging Strike 0-1: Foul Ball, location: 2F 0-2: Ball 1-2: Strikes out swinging
|
| Bottom of the 6th over - 0 runs, 1 hit, 0 errors, 2 left on base; Texas 2 - Chicago 8 |
| TOP OF THE 7TH |
|
Texas Rangers batting - Pitching for Chicago White Sox : RHP Pete Vuckovich
|
|
Batting: RHB Kim Andrew
|
0-0: Swinging Strike 0-1: SINGLE (Groundball, 6D, EV 106.9 MPH)
|
|
Batting: RHB Juan Samuel
|
0-0: Called Strike 0-1: Fly out, F9 (Line Drive, 9D, EV 86.3 MPH)
|
|
Batting: LHB Lenny Dykstra
|
0-0: Ball 1-0: Foul Ball, location: 2F 1-1: Ball 2-1: Called Strike 2-2: Grounds into double play, 4-6-3 (Groundball, 4, EV 111.3 MPH)
|
| Top of the 7th over - 0 runs, 1 hit, 0 errors, 0 left on base; Texas 2 - Chicago 8 |
| BOTTOM OF THE 7TH |
|
Chicago White Sox batting - Pitching for Texas Rangers : RHP George Stablein
|
|
Batting: RHB Mike Heath
|
0-0: Called Strike 0-1: Ball 1-1: Ball 2-1: Ground out 5-3 (Groundball, 56, EV 102.5 MPH)
|
|
Batting: RHB Steve Henderson
|
0-0: Ball 1-0: Swinging Strike 1-1: Foul Ball, location: 2F 1-2: Strikes out swinging
|
|
Batting: RHB Jose Castro
|
0-0: Ground out 3-1 (Groundball, 13, EV 93.1 MPH)
|
| Bottom of the 7th over - 0 runs, 0 hits, 0 errors, 0 left on base; Texas 2 - Chicago 8 |
| TOP OF THE 8TH |
|
Texas Rangers batting - Pitching for Chicago White Sox : RHP Pete Vuckovich
|
|
Batting: RHB Kirby Puckett
|
0-0: Swinging Strike 0-1: Called Strike 0-2: Strikes out looking
|
|
Batting: LHB Dallas Williams
|
0-0: Fly out, F7 (Line Drive, 7D, EV 96.3 MPH)
|
|
Batting: RHB Steve Garvey
|
0-0: Ball 1-0: Called Strike 1-1: Foul Ball, location: 2F 1-2: Foul Ball, location: 2F 1-2: Ball 2-2: Strikes out swinging
|
| Top of the 8th over - 0 runs, 0 hits, 0 errors, 0 left on base; Texas 2 - Chicago 8 |
| BOTTOM OF THE 8TH |
|
Chicago White Sox batting - Pitching for Texas Rangers : RHP George Stablein
|
|
Batting: RHB Brian Harper
|
0-0: Swinging Strike 0-1: Ball 1-1: Ball 2-1: Called Strike 2-2: Strikes out swinging
|
|
Batting: SHB Ozzie Smith
|
0-0: Fly out, F8 (Line Drive, 8RD, EV 104.4 MPH)
|
|
Batting: LHB Mitchell Page
|
0-0: SOLO HOME RUN (Flyball, 89XD, EV 100.0 MPH), Distance : 401 ft
|
|
Batting: RHB Kevin McReynolds
|
0-0: Foul Ball, location: 2F 0-1: Ground out 6-3 (Groundball, 6, EV 76.3 MPH)
|
| Bottom of the 8th over - 1 run, 1 hit, 0 errors, 0 left on base; Texas 2 - Chicago 9 |
| TOP OF THE 9TH |
|
Texas Rangers batting - Pitching for Chicago White Sox : RHP Pete Vuckovich
|
|
Pinch Hitting: RHB Joe Charboneau
|
0-0: Ball 1-0: Ball 2-0: Called Strike 2-1: Foul Ball, location: 2F 2-2: Strikes out looking
|
|
Batting: RHB Rich Dauer
|
0-0: Called Strike 0-1: Swinging Strike 0-2: Fly out, F9 (Flyball, 89D, EV 93.8 MPH)
|
|
Batting: RHB George Bjorkman
|
0-0: Fly out, F9 (Flyball, 89XD, EV 103.8 MPH)
|
| Top of the 9th over - 0 runs, 0 hits, 0 errors, 0 left on base; Texas 2 - Chicago 9 |
|